 Dungeon Crawl Stone Soup version 0.18-a0-822-gb52b7b4 (webtiles) character file.

265 sugabear the Cudgeler (level 6, -18/82 HPs)
             Began as a Gargoyle Gladiator on Dec 16, 2015.
             Was a Believer of Pakellas.
             Demolished by an ogre
             ... wielding a +0 giant spiked club
              (25 damage)
             ... on level 5 of the Dungeon.
             The game lasted 00:07:59 (3693 turns).

sugabear the Cudgeler (Gargoyle Gladiator)          Turns: 3693, Time: 00:07:59

Health: -18/82     AC: 23    Str: 25      XL:     6   Next: 20%
Magic:  7/7        EV:  2    Int:  6      God:    Pakellas [**....]
Gold:   185        SH:  0    Dex:  9 (11) Spells: 0 memorised, 5 levels left

rFire  . . .     SeeInvis .     x - +0 morningstar
rCold  . . .     Gourm    .     (armour currently unavailable)
rNeg   + + +     Faith    .     (no shield)
rPois  ∞         Spirit   .     (helmet currently unavailable)
rElec  .         Dismiss  .     (cloak currently unavailable)
rCorr  .         Reflect  .     (gloves currently unavailable)
SustAt .         Harm     .     (boots currently unavailable)
MR     .....     NoTele   +     (no amulet)
Stlth  ..........               (no ring)
                                (no ring)

@: mighty, berserking, tree-form, very quick, not resistant to hostile
enchantments, extremely unstealthy
A: deterioration 1, dopey 1, high mp 1, negative energy resistance 1,
(electricity resistance), (unbreathing), petrification resistance, rot immunity,
AC +4
a: Quick Charge, Renounce Religion


You were on level 5 of the Dungeon.
You worshipped Pakellas.
Pakellas was pleased with you.
You were hungry.
You were a tree.
You visited 2 branches of the dungeon, and saw 6 of its levels.

You collected 185 gold pieces.

Inventory:

Hand Weapons
 x - a +0 morningstar (weapon)
Missiles
 d - 3 throwing nets (quivered)
Armour
 b - a +0 leather armour (melded)
 c - a +0 helmet (melded)
Jewellery
 g - an uncursed ring of flight {unknown}
Wands
 y - a wand of frost (25)
 z - a wand of draining (5)
 C - a wand of lightning (2)
Scrolls
 e - 2 scrolls of enchant armour {unknown}
 j - 4 scrolls of remove curse {unknown}
 k - a scroll of recharging {unknown}
 m - 4 scrolls of identify {unknown}
 r - 2 scrolls of magic mapping {unknown}
 s - 2 scrolls of fear {unknown}
 u - 2 scrolls of amnesia {unknown}
Potions
 i - a potion of flight
 p - a potion of mutation
 w - 2 potions of magic
 B - a potion of haste {unknown}
Books
 q - a book of Spatial Translocations

   Spells                             Type                      Level
   a - Apportation                    Translocation                1
   b - Blink                          Translocation                2
   c - Shroud of Golubria             Charms/Translocation         2
   d - Portal Projectile              Translocation                3
   e - Teleport Other                 Translocation                3
   f - Passage of Golubria            Translocation                4
 A - a book of Transfigurations

   Spells                             Type                      Level
   a - Stoneskin                      Transmutation/Earth          2
   b - Irradiate                      Conjuration/Transmutation    5
   c - Statue Form                    Transmutation/Earth          6
   d - Hydra Form                     Transmutation                6
   e - Dragon Form                    Transmutation                7
Comestibles
 f - 5 bread rations
 h - 4 meat rations
 l - 2 beef jerkies
 o - a slice of pizza


   Skills:
 + Level 3.1 Fighting
 + Level 4.0 Maces & Flails
 + Level 2.0 Throwing
 + Level 1.6 Armour
 + Level 4.0 Dodging
 + Level 0.5 Stealth
 * Level 1.5 Evocations


You had 5 spell levels left.
You didn't know any spells.

Dungeon Overview and Level Annotations

Branches:
Dungeon (5/15)             Temple (1/1) D:4

Altars:
Ashenzari
Cheibriados
Dithmenos
Elyvilon
Gozag
Kikubaaqudgha
Makhleb
Pakellas
Qazlal
Ru
Trog
Vehumet
Zin
The Shining One


Innate Abilities, Weirdness & Mutations

You are resistant to torment.
((Your stone body is resilient (AC +4).))
You are immune to poison.
You resist negative energy.
((You are resistant to electric shocks.))
((You can survive without breathing.))
You are immune to petrification.
You are immune to rotting.
Your body sometimes deteriorates upon taking damage.
You are dopey. (Int -2)
You have an increased reservoir of magic (+10% MP).


Message History

The iguana is almost dead.
The jackal bites you but does no damage.
The iguana bites you but does no damage.
The jackal bites you but does no damage. x2
A worm comes into view.
You thump the iguana!
You kill the iguana!
Pakellas accepts your kill.
Your Fighting skill increases to level 3!
Your Dodging skill increases to level 4!
The jackal bites you but does no damage. x2
You hit the jackal.
You kill the jackal!
Pakellas accepts your kill.
The jackal bites you but does no damage.
You bludgeon the ogre!!
The ogre is severely wounded.
The jackal bites you but does no damage.
The ogre hits you with a giant spiked club!!
You die...

....).$# .#
......#######h#
#..w).........#
#..........#
#>........#
#)........#
#.........#
#.....Oh..#
#....†♣...#
#....)....#
#.........#
###########


You could see an ogre, a worm and 2 jackals.

Vanquished Creatures
  3 orc wizards
  An iguana (D:5)
  A worker ant (D:4)
  4 adders (D:3)
  2 adder skeletons (D:4)
  An adder zombie (D:4)
  2 worms
  13 orcs
  A giant cockroach (D:2)
  7 goblins
  7 hobgoblins
  4 kobolds
  2 quokkas
  A ball python (D:3)
  9 bats
  3 giant geckos
  2 giant newts
  5 jackals
  3 rats
71 creatures vanquished.

Notes
Turn   | Place    | Note
--------------------------------------------------------------
     0 | D:1      | sugabear the Gargoyle Gladiator began the quest for the Orb.
     0 | D:1      | Reached XP level 1. HP: 12/12 MP: 1/1
   117 | D:1      | Reached XP level 2. HP: 15/18 MP: 2/2
   786 | D:2      | Reached XP level 3. HP: 20/22 MP: 3/3
   836 | D:2      | Found an oddly glowing altar of Pakellas.
   841 | D:2      | Became a worshipper of Pakellas the Inventive
  1384 | D:3      | Reached XP level 4. HP: 6/27 MP: 4/4
  1636 | D:3      | Found a burning altar of Makhleb.
  1660 | D:3      | Reached skill level 1 in Evocations
  1692 | D:3      | Reached * piety under Pakellas
  1767 | D:3      | Reached skill level 1 in Armour
  2054 | D:3      | Reached XP level 5. HP: 21/31 MP: 5/5
  2334 | D:4      | Found a shattered altar of Ashenzari.
  2388 | D:4      | Found a staircase to the Ecumenical Temple.
  2415 | Temple   | Entered the Ecumenical Temple
  3283 | D:5      | Entered Level 5 of the Dungeon
  3285 | D:5      | Noticed an ogre
  3660 | D:5      | Reached ** piety under Pakellas
  3660 | D:5      | Received a gift from Pakellas
  3669 | D:5      | Reached skill level 4 in Maces & Flails
  3683 | D:5      | Gained mutation: Your body sometimes deteriorates upon taking damage. [potion of mutation]
  3683 | D:5      | Gained mutation: You are dopey. (Int -2) [potion of mutation]
  3683 | D:5      | Gained mutation: You have an increased reservoir of magic (+10% MP). [potion of mutation]
  3687 | D:5      | Noticed an ogre
  3689 | D:5      | Reached XP level 6. HP: 6/36 MP: 7/7
  3693 | D:5      | Demolished by an ogre

Vault maps used:
D:1:      dpeg_arrival_tiny_i
D:2:      grunt_pakellas_basics
D:3:      first_bread, bloody_makhleb
D:4:      minmay_temple_entry_junction, hangedman_decor_peaks_small,
          nicolae_ashenzari_panopticon
D:5:      nicolae_tso_carved_into_rock
Temple:   circular_temple_12

Action                   |  1- 3 |  4- 6 || total
-------------------------+-------+-------++-------
Melee: Flail             |   135 |    10 ||   145
       Morningstar       |       |   111 ||   111
Evoke: Wand              |       |     6 ||     6
  Use: Potion            |       |     8 ||     8
  Eat: Chunk             |     1 |     6 ||     7
       Beef jerky        |       |     1 ||     1
